 Dungeon Crawl Stone Soup version 0.21-a0-274-gc1afaeb (webtiles) character file.

58 Leszczynek the Ruffian (level 3, -2/33 HPs)
             Began as a Troll Skald on Sept 19, 2017.
             Killed by divine providence
             ... invoked by an orc priest
              (13 damage)
             ... on level 3 of the Dungeon.
             The game lasted 00:02:29 (365 turns).

Leszczynek the Ruffian (Troll Skald)                 Turns: 365, Time: 00:02:31

Health: -2/33      AC:  5    Str: 19    XL:     3   Next: 75%
Magic:  2/3        EV: 10    Int:  9    God:
Gold:   69         SH:  0    Dex: 10    Spells: 1/4 levels left

rFire    . . .     SeeInvis .     - Unarmed
rCold    . . .     Gourm    +   (no shield)
rNeg     . . .     Faith    .   a - +0 robe
rPois    .         Spirit   .   (helmet restricted)
rElec    .         Reflect  .   (no cloak)
rCorr    .         Harm     .   (gloves unavailable)
MR       .....                  (boots unavailable)
Stlth    +.........             (no amulet)
HPRegen  0.51/turn              (no ring)
MPRegen  0.08/turn              (no ring)

@: lethally poisoned (-2 -> -2)
A: unfitting armour, claws 3, fast metabolism 3, gourmand, regeneration 1,
shaggy fur 1, tough skin 2
a: no special abilities


You were on level 3 of the Dungeon.
You were not hungry.

You visited 1 branch of the dungeon, and saw 3 of its levels.

You collected 69 gold pieces.

Inventory:

Hand Weapons
 f - a +0 blowgun
Armour
 a - a +0 robe (worn)
Scrolls
 e - a scroll of teleportation {unknown}
Books
 b - a book of Battle

   Spells                             Type                      Level
   a - Infusion                       Charms                       1
   b - Shroud of Golubria             Charms/Translocation         2
   c - Song of Slaying                Charms                       2
   d - Spectral Weapon                Hexes/Charms                 3
   e - Regeneration                   Charms/Necromancy            3
Comestibles
 c - a meat ration
 d - 2 bread rations


   Skills:
 - Level 1.5 Fighting
 - Level 1.9 Dodging
 + Level 4.1 Unarmed Combat
 - Level 1.2 Spellcasting
 - Level 2.0 Charms


You had one spell level left.
You knew the following spells:

 Your Spells              Type           Power        Failure   Level  Hunger
a - Infusion              Chrm           #...         16%         1    ##.....
b - Shroud of Golubria    Chrm/Tloc      #.........   36%         2    ###....


Dungeon Overview and Level Annotations

Branches:
Dungeon (3/15)

Altars:


Innate Abilities, Weirdness & Mutations

You are too large for most types of armour.
You have claws for hands.
Your metabolism is lightning-fast.
You like to eat raw meat.
Your natural rate of healing is unusually fast.
You are covered in fur. (AC +1)
You have very tough skin. (AC +2)


Message History

An orc and an orc priest come into view.
You feel sick.
The orc shouts!
The orc priest shouts!
The orc closely misses you.
Unknown command.
You feel sick.
The orc priest calls down the wrath of Beogh upon you.
Beogh smites you!
Things that are here:
a dagger of venom; a robe Your shroud unravels.
You feel sick. The orc barely misses you.
You feel sick.
You feel sick.
You feel sick.
You feel sick.
You feel sick.
The orc priest invokes the aid of Beogh against you.
Beogh smites you!
You die...

###.##.#.#..... #
#........# # #.##.#.###
....##.#.# ######.#.#
#.#.....# #### ###.#######
##...##
#....#########.....#
#.#..........@.....#
.###.#..#########.....####
........## #........#
.###.....# #o#)####.#
#....## #o#.# #.# #.#..#
#.#.## #.# #....# #o#..#
#.# ###.## #.##)###)#
##'## #.....(..#


You could see an orc priest and 2 orcs.

Vanquished Creatures
  An orc wizard (D:3)
  3 adders
  A worm (D:2)
  A kobold (D:3)
6 creatures vanquished.

Notes
Turn   | Place    | Note
-------+----------+-------------------------------------------
     0 | D:1      | Leszczynek the Troll Skald began the quest for the Orb.
     0 | D:1      | Reached XP level 1. HP: 19/19 MP: 1/1
     2 | D:1      | Noticed an elf
     2 | D:1      | Noticed a vampire
     4 | D:1      | Noticed a gargoyle
     6 | D:1      | Noticed a centaur
     8 | D:1      | Noticed a formicid
     8 | D:1      | Noticed an octopode
    10 | D:1      | Noticed a spriggan
    10 | D:1      | Noticed a ghoul
    12 | D:1      | Noticed a merfolk
    14 | D:1      | Noticed an ogre
    16 | D:1      | Noticed a vine stalker
    16 | D:1      | Noticed a naga
    18 | D:1      | Noticed a halfling
    18 | D:1      | Noticed a felid
    20 | D:1      | Noticed a dwarf
    20 | D:1      | Noticed a tengu
    22 | D:1      | Noticed a draconian
    22 | D:1      | Noticed a demonspawn
    24 | D:1      | Noticed a demigod
    24 | D:1      | Noticed a minotaur
    26 | D:1      | Noticed a human
    26 | D:1      | Noticed a troll
    46 | D:2      | at least you can very easily tell what kind of opening vault i had
    82 | D:2      | Reached XP level 2. HP: 27/27 MP: 2/2
    86 | D:2      | Learned a level 2 spell: Shroud of Golubria
   111 | D:2      | Reached skill level 3 in Unarmed Combat
   174 | D:3      | Reached XP level 3. HP: 30/33 MP: 0/3
   352 | D:3      | Reached skill level 4 in Unarmed Combat
   365 | D:3      | Killed from afar by an orc priest

Vault maps used:
D:1:      kb_arrival_jail
D:2:      minmay_diamond_boxcup, elyvilon_altar_1, old_standard_altar,
          nicolae_overflow_crystal_walls, first_bread
D:3:      led_sif_pool, chequers_ecumenical_altar_simple, uniq_robin,
          uniq_jessica, uniq_sigmund

Skill      XL: |  1  2  3 |
---------------+----------+-----
Unarmed Combat | 3 4 |  4.1
Fighting       | |  1.5
Dodging        | |  1.9
Spellcasting   | |  1.2
Charms         | |  2.0

Action                   || total
-------------------------++-------
Melee: Unarmed           ||    25
 Cast: Shroud of Golubri ||     1
  Eat: Chunk             ||     3
Armor: Robe              ||     3
Dodge: Dodged            ||    14

Table legend:
 A = Spawn XP
 B = Non-spawn XP
 C = Spawn XP percentage of total XP
 D = Spawn monster count
 E = Non-spawn monster count
 F = Spawn count percentage of total count
 G = Total turns spent on level
                    A         B        C        D         E        F      G
               +---------+---------+-------+---------+---------+-------+---------
         Total |       0 |      83 |   0.0 |       0 |       6 |   0.0 |   365
               +---------+---------+-------+---------+---------+-------+---------
           D:2 |       0 |      32 |   0.0 |       0 |       3 |   0.0 |   131
           D:3 |       0 |      51 |   0.0 |       0 |       3 |   0.0 |   187
               +---------+---------+-------+---------+---------+-------+---------
